 Dungeon Crawl Stone Soup version 0.18-b1-10-g3f7de93 (webtiles) character file.

1910 Freud the Carver (level 9, -3/69 HPs)
             Began as a Formicid Skald on Apr 29, 2016.
             Hit by a tomahawk thrown by an orc warrior (8 damage)
             ... in the Ecumenical Temple.
             The game lasted 01:55:00 (7295 turns).

Freud the Carver (Formicid Skald)                   Turns: 7295, Time: 01:55:00

Health: -3/69      AC: 12    Str: 19    XL:     9   Next: 38%
Magic:  12/12      EV:  8    Int: 13    God:
Gold:   235        SH:  0    Dex: 10    Spells: 4 memorised, 4 levels left

rFire  . . .     SeeInvis +     a - +2 short sword (venom)
rCold  . . .     Gourm    .     g - +0 chain mail
rNeg   + . .     Faith    .     (no shield)
rPois  .         Spirit   .     (helmet unavailable)
rElec  .         Dismiss  .     o - +0 cloak
rCorr  +         Reflect  .     (no gloves)
SustAt .         Harm     .     (no boots)
MR     .....                    (no amulet)
Stlth  ..........               K - ring of positive energy
                                w - ring of resist corrosion

@: not resistant to hostile enchantments, extremely unstealthy
A: permanent stasis, dig shafts and tunnels, four strong arms, antennae 3
a: Dig, Shaft Self


You were in the Ecumenical Temple.
You were very hungry.

You visited 2 branches of the dungeon, and saw 8 of its levels.

You collected 354 gold pieces.
You spent 119 gold pieces at shops.

Inventory:

Hand Weapons
 a - a +2 short sword of venom (weapon)
 b - a +0 falchion
 y - the +7 mace of Psychosis {flame, MR- Int+8 SInv}
   (You found it on level 4 of the Dungeon)

   It has been specially enchanted to burn those struck by it, causing extra
   injury to most foes and up to half again as much damage against particularly
   susceptible opponents.
   It affects your intelligence (+8).
   It affects your resistance to hostile enchantments.
   It lets you see invisible.
 I - a +1 dagger of speed
 J - a +1 halberd of freezing
 P - a +2 dagger of holy wrath
Missiles
 i - 81 stones
 k - 22 poisoned needles
 m - 6 needles of sleeping
 E - 13 bolts
 H - 4 tomahawks (quivered)
 N - 2 throwing nets
Armour
 g - a +0 chain mail (worn)
 o - a +0 cloak (worn)
Jewellery
 q - an uncursed ring of ice
 w - a ring of resist corrosion (left hand)
 C - an uncursed ring of sustain attributes
 K - a ring of positive energy (right hand)
Wands
 F - a wand of polymorph (13/24)
Scrolls
 h - 2 scrolls of noise
 l - 2 scrolls of remove curse
 n - 2 scrolls of magic mapping
 r - 3 scrolls of immolation
 s - 2 scrolls of enchant armour
 t - 2 scrolls of recharging
 v - 2 scrolls of enchant weapon
 D - a scroll of fog {unknown}
 L - a scroll of random uselessness
 M - a scroll of amnesia {unknown}
 Q - a scroll of silence
Potions
 e - a potion of cancellation {unknown}
 f - a potion of agility
 u - 2 potions of mutation {unknown}
 x - 2 potions of haste {unknown}
 z - a potion of curing
 G - a potion of might
 S - a potion of lignification {unknown}
Books
 c - a book of Battle

   Spells                             Type                      Level
   a - Infusion                       Charms                       1
   b - Shroud of Golubria             Charms/Translocation         2
   c - Song of Slaying                Charms                       2
   d - Spectral Weapon                Hexes/Charms                 3
   e - Regeneration                   Charms/Necromancy            3
 O - a book of Burglary

   Spells                             Type                      Level
   a - Swiftness                      Charms/Air                   2
   b - Passwall                       Transmutation/Earth          2
   c - Passage of Golubria            Translocation                4
   d - Lee's Rapid Deconstruction     Earth                        5
   e - Darkness                       Hexes                        6
   f - Invisibility                   Hexes                        6
Comestibles
 d - 2 bread rations
 p - 3 meat rations
 A - 5 beef jerkies
 B - 9 fruits


   Skills:
 + Level 6.0 Fighting
 - Level 8.1 Long Blades
 + Level 7.4 Armour
 - Level 1.0 Dodging
 - Level 2.1 Spellcasting
 - Level 3.0 Charms


You had 4 spell levels left.
You knew the following spells:

 Your Spells              Type           Power        Failure   Level  Hunger
a - Infusion              Chrm           #...         69%         1    ##.....
b - Regeneration          Chrm/Necr      #.........   100%        3    ####...
q - Shroud of Golubria    Chrm/Tloc      #.........   99%         2    ###....
w - Song of Slaying       Chrm           #.......     88%         2    ###....


Dungeon Overview and Level Annotations

Branches:
Dungeon (7/15)             Temple (1/1) D:7

Altars:
Ashenzari
Cheibriados
Dithmenos
Fedhas
Kikubaaqudgha
Makhleb
Nemelex Xobeh
Pakellas
Qazlal
Ru
Sif Muna
Trog
Xom
Yredelemnul
Zin

Shops:
D:6 ?


Innate Abilities, Weirdness & Mutations

You are under a permanent stasis effect.
You can dig through walls and to a lower floor.
Your four strong arms can wield two-handed weapons with a shield.
You have a pair of large antennae on your head (SInv).


Message History

The orc warrior is severely wounded.
The orc warrior barely misses you.
You closely miss the orc warrior.
The orc warrior is severely wounded.
The orc warrior hits you with a war axe!
You closely miss the orc warrior.
The orc warrior is severely wounded.
The orc warrior hits you with a war axe!!
* * * LOW HITPOINT WARNING * * *
You hit the orc warrior but do no damage.
The orc warrior is severely wounded.
The orc warrior throws a tomahawk.
The tomahawk hits you but does no damage.
You see here a tomahawk.
The orc warrior throws a tomahawk.
The tomahawk hits you!
* * * LOW HITPOINT WARNING * * *
There is a basalt altar of Yredelemnul, spattered with blood here.
You see here a tomahawk.
The orc warrior throws a tomahawk.
The tomahawk hits you!
You die...

§§≈§≈≈§≈≈≈≈.§.§§≈≈≈≈§≈§≈≈≈≈≈§
≈§≈≈≈≈§§≈..)....§≈≈§§§≈≈≈≈≈≈≈≈
≈≈≈≈≈≈§§§§.......≈≈§§§≈§≈§§§≈≈≈
≈≈≈≈§≈≈.§..)......≈≈§§≈≈≈§§§≈≈≈≈
≈§§≈≈≈..§...o).....≈§≈≈≈≈≈≈§§§§§§
≈≈§≈≈.......[(......≈§≈§≈≈§§≈≈§§≈
§≈§§.................§§≈§§≈§§≈§§§
§§§§....._....._.....§≈§§§≈≈≈§≈§≈
≈§§.............@......≈≈≈≈≈≈§§≈≈
≈§§§....................§≈≈≈≈§§§≈
..._................._...≈§≈≈§§§≈
............_.............≈≈≈≈§§≈
...........................§§≈§≈≈
............................§≈≈≈≈
.............................≈≈≈§
_......._......._......._.....≈§§
...............................≈≈


You could see an orc warrior.

Vanquished Creatures
  Purgy (D:3)
  An ice beast (D:5)
  3 ogres
  A centaur (D:7)
  A giant frog (D:6)
  A water moccasin zombie (D:6)
  5 killer bees
  2 crimson imps
  2 howler monkeys (D:6)
  2 centaur zombies
  2 jellies
  A quasit (D:5)
  2 hounds
  2 orc priests (D:5)
  2 gnoll shamans
  4 orc wizards
  2 centaur skeletons (D:6)
  An iguana (D:6)
  3 worker ants
  Terence (D:2)
  A hound zombie (D:5)
  A howler monkey zombie (D:7)
  8 gnolls
  6 adders
  2 dart slugs
  7 giant geckos
  16 orcs
  7 giant cockroaches
  10 goblins
  10 hobgoblins
  3 jackals (D:6)
  4 quokkas
  5 bats
  6 giant newts
  19 kobolds
  6 rats
  A butterfly (D:7)
151 creatures vanquished.

Notes
Turn   | Place    | Note
--------------------------------------------------------------
     0 | D:1      | Freud the Formicid Skald began the quest for the Orb.
     0 | D:1      | Reached XP level 1. HP: 16/16 MP: 3/3
    64 | D:1      | Reached skill level 1 in Dodging
   136 | D:1      | Reached XP level 2. HP: 22/23 MP: 5/5
   142 | D:1      | Learned a level 2 spell: Shroud of Golubria
   145 | D:1      | Learned a level 2 spell: Song of Slaying
   865 | D:1      | Reached XP level 3. HP: 21/29 MP: 6/6
  1102 | D:2      | Noticed Terence
  1134 | D:2      | Killed Terence
  1159 | D:2      | Reached XP level 4. HP: 32/35 MP: 7/7
  1440 | D:2      | Reached skill level 3 in Long Blades
  1730 | D:3      | Noticed Purgy
  2123 | D:3      | Reached XP level 5. HP: 42/42 MP: 8/8
  2135 | D:3      | Reached XP level 6. HP: 24/48 MP: 9/9
  2158 | D:2      | Reached skill level 4 in Long Blades
  2744 | D:4      | Found a glowing silver altar of Zin.
  3062 | D:4      | Reached XP level 7. HP: 54/54 MP: 10/10
  3147 | D:4      | Got a scorched mace
  3148 | D:4      | Identified the +7 mace of Psychosis {flame, MR- Int+8 SInv} (You found it on level 4 of the Dungeon)
  3229 | D:4      | Found a blossoming altar of Fedhas.
  3330 | D:3      | Found a burning altar of Makhleb.
  3339 | D:3      | Reached skill level 5 in Armour
  3514 | D:3      | Killed Purgy
  3514 | D:3      | Reached skill level 5 in Long Blades
  3658 | D:5      | Entered Level 5 of the Dungeon
  3840 | D:5      | Reached skill level 6 in Long Blades
  3874 | D:5      | Reached XP level 8. HP: 35/60 MP: 11/11
  4278 | D:5      | Learned a level 3 spell: Regeneration
  4772 | D:5      | Reached skill level 7 in Long Blades
  5382 | D:6      | Reached skill level 8 in Long Blades
  5769 | D:6      | Found Aneri's Magic Scroll Shop.
  5772 | D:6      | Bought a scroll of random uselessness for 14 gold pieces
  5772 | D:6      | Bought a scroll of silence for 105 gold pieces
  6009 | D:6      | Reached XP level 9. HP: 66/66 MP: 12/12
  6154 | D:7      | Reached skill level 5 in Fighting
  6438 | D:7      | Found a staircase to the Ecumenical Temple.
  6456 | Temple   | Entered the Ecumenical Temple
  7295 | Temple   | Hit by a tomahawk thrown by an orc warrior

Skill      XL: |  1  2  3  4  5  6  7  8  9 |
---------------+----------------------------+-----
Dodging        | 1 |  1.0
Armour         | 2 3 4 5 6 7 |  7.4
Fighting       | 3 4 6 |  6.0
Long Blades    | 3 4 6 8 |  8.1
Spellcasting   | |  2.1
Charms         | |  3.0

Action                   |  1- 3 |  4- 6 |  7- 9 || total
-------------------------+-------+-------+-------++-------
Melee: Falchion          |    82 |    91 |   184 ||   357
       War axe           |       |     5 |       ||     5
       Short sword       |       |    68 |   282 ||   350
Throw: Stone             |       |       |     5 ||     5
       Tomahawk          |       |       |     2 ||     2
  Use: Scroll            |       |     9 |     2 ||    11
       Potion            |       |     2 |       ||     2
  Eat: Chunk             |     1 |     6 |    11 ||    18
       Royal jelly       |       |       |     1 ||     1
Armor: Leather armour    |    17 |       |       ||    17
       Chain mail        |    14 |   125 |   343 ||   482
Dodge: Dodged            |    45 |    82 |   187 ||   314
